Unix NetHack Version 5.0.0-0 post-release - last build Jul 19 2026 19:10:59 (3aa4ab31751d3886436d94b585a96704892fd477,branch:main).

Game began 2026-07-06 22:25:51, ended 2026-07-25 06:34:30.

FalseGod, lawful male human Samurai

                                             --- -----------
                                 D      @    .......A.......|
                                  B          A.....%B@..a...|
                                         D    A...@U&TA.aa..|
                                    A         ..))A.&V@.A...|
                                  @           .A....AaAA....| -----
         A A   @                   @     A@      ---.a.-----  |..@     t
                                       @           --g----   --..---------
          @   A@            @                      .%@a..-- --..A|.......|
         hq   A          A  @                      ..@aa.a---...)|.......|M
             @   @      & @          AA @@ @        ..%%aAa-AAa@.A...@@..|
         @@@    e    A                               ...@a---....|..@....|
            A A         @                             ...-- --...|.......|
                                             A         ---   --..---------
                                       @                      |... t
                                 @A         A@                -----
                                  A   D
                                             @

FalseGod the Daimyo    St:25 Dx:18 Co:18 In:17 Wi:18 Ch:14  Lawful
Astral Plane $:2  HP:137(182) Pw:98(98) AC:-40 Xp:22 T:59204 

Latest messages:
 The bolt of fire whizzes by you!
 The bolt of fire hits the Angel of Susanowo!
 Pick a monster, object or location.
 What do you want to use or apply? [bfl-orsuwzCEOV or ?*] n
 Pestilence moves the Angel out of the way!
 The high priestess intones:
 "Pilgrim, you enter a sacred place!"
 The priestess of Susanowo wields a mace!
 Pestilence moves the umber hulk out of the way!
 Pick a monster, object or location.
 Pick a monster, object or location.
 You hit the priestess of Susanowo with the chickatrice corpse.
 The priestess of Susanowo is slowing down.
 The priestess of Susanowo turns to stone.
 The Angel of Susanowo zaps you with a magic missile!
 The magic missile whizzes by you!
 The high priestess wields a mace!
 What do you want to remove? [ajk or ?*] ?
 You were wearing an uncursed ring of conflict (on right hand).
 You see here a statue of a priestess.
 Pestilence moves the umber hulk out of the way!
 Talk to whom? (in what direction) u
 The high priestess of Amaterasu Omikami gives you two bits for an ale.
 The Angel of Raijin zaps a wand of cold!
 The bolt of cold hits you!
 But it reflects from your armor!
 What do you want to use or apply? [bfl-orsuwzCEOV or ?*] n
 g - an uncursed amulet of life saving.
 c - an uncursed amulet of life saving.
 You have a little trouble removing an uncursed amulet of life saving.  Continue? [ynq] (q) y
 You have a little trouble removing H - an uncursed amulet of life saving.
 h - an uncursed amulet of life saving.
 x - a cursed amulet of life saving.
 Your movements are slowed slightly because of your load.
 What do you want to dip? [a-df-jl-zACEG-IN-PR-TV-Y or ?*] x
 What do you want to dip a cursed amulet of life saving into? [pyG or ?*] G
 Your amulet of life saving glows amber.
 What do you want to sacrifice? [Y or ?*] ?
 What do you want to sacrifice? [Y or ?*] Y
 You offer the Amulet of Yendor to Amaterasu Omikami...
 An invisible choir sings, and you are bathed in radiance...
 The voice of Amaterasu Omikami thunders: "Mortal, thou hast done well!"
 "In return for thy service, I grant thee the gift of Immortality!"
 You ascend to the status of Demigod...
 Do you want your possessions identified? [ynq] (y) y
 Do you want to see your attributes? [ynq] (y) y
 Do you want an account of creatures vanquished? [ynaq] (y) y
 Do you want a list of species genocided and extinct? [ynaq] (y) y
 Do you want to see your conduct and achievements? [ynq] (y) y
 Do you want to see the dungeon overview? [ynq] (y) y

Inventory:
 Coins    ('$')
  $ - 2 gold pieces
 Amulets  ('"')
  a - an uncursed amulet of life saving (being worn)
  c - an uncursed amulet of life saving
  g - an uncursed amulet of life saving
  h - an uncursed amulet of life saving
  x - an uncursed amulet of life saving
  H - an uncursed amulet of life saving
 Weapons  (')')
  T - 12 poisoned +2 shuriken (at the ready)
  v - the blessed rustproof +7 Excalibur
  I - a blessed +6 silver saber (alternate weapon; not wielded)
 Armor    ('[')
  i - an uncursed fireproof +8 elven leather helm (being worn)
  P - a cursed rustproof -1 helm of opposite alignment
  W - a blessed rustproof +2 pair of gauntlets of power (being worn)
  N - an uncursed fireproof +4 pair of speed boots (being worn)
  R - a blessed fireproof +4 cloak of magic resistance (being worn)
  M - a blessed fireproof +4 Hawaiian shirt with a parrot motif (being worn)
  e - a blessed rotproof +4 silver dragon scale mail (being worn)
 Comestibles  ('%')
  q - an uncursed chickatrice corpse (wielded)
  d - an uncursed lizard corpse
 Scrolls  ('?')
  S - 2 cursed scrolls of blank paper
 Spellbooks  ('+')
  z - the uncursed Book of the Dead
 Potions  ('!')
  y - a blessed potion of full healing
  p - an uncursed potion of full healing
 Rings    ('=')
  j - an uncursed ring of conflict
  k - an uncursed ring of free action (on left hand)
  t - a blessed ring of levitation
  A - a cursed ring of regeneration
 Wands    ('/')
  C - a wand of death (0:5)
  r - a wand of death (0:4)
  f - a wand of fire (0:3)
  m - a wand of teleportation (0:4)
 Tools    ('(')
  n - a blessed bag of holding containing 94 items
  E - an empty blessed bag of holding named valuables
  V - an uncursed sack named DO NOT BOH EVER containing 2 items
  b - a blessed blindfold
  O - an uncursed magic lamp (lit)
  l - a magic marker (0:20)
  w - an uncursed magic whistle
  o - an uncursed skeleton key
  s - an uncursed stethoscope
  u - a blessed +0 unicorn horn
 Gems/Stones  ('*')
  X - a blessed luckstone

Contents of the bag of holding:
  1038 gold pieces
  an uncursed amulet of magical breathing
  an uncursed amulet of unchanging
  an uncursed amulet versus poison
  30 blessed poisoned +2 shuriken
  a poisoned +1 shuriken
  a +0 katana
  a blessed +3 pair of gauntlets of dexterity
  an uncursed fireproof +0 pair of water walking boots
  3 uncursed C-rations
  an uncursed candy bar labeled "Berry Bar"
  an uncursed clove of garlic
  5 uncursed lembas wafers
  2 uncursed sprigs of wolfsbane
  4 uncursed eggs
  3 uncursed lizard corpses
  4 blessed scrolls of blank paper
  8 uncursed scrolls of blank paper
  4 uncursed scrolls of blank paper
  3 uncursed scrolls of earth
  an uncursed scroll of magic mapping
  3 blessed scrolls of remove curse
  3 uncursed scrolls of remove curse
  2 uncursed scrolls of scare monster
  an uncursed scroll of taming
  7 blessed scrolls of teleportation
  5 cursed scrolls of teleportation
  2 uncursed potions of acid
  a blessed potion of extra healing
  2 uncursed diluted potions of extra healing
  2 blessed potions of gain energy
  2 blessed potions of healing
  3 uncursed potions of healing
  a blessed potion of paralysis
  2 uncursed potions of restore ability
  12 potions of holy water
  3 potions of unholy water
  an uncursed +1 ring of adornment
  an uncursed ring of aggravate monster
  an uncursed ring of conflict
  an uncursed ring of free action
  an uncursed ring of levitation
  an uncursed ring of polymorph control
  an uncursed +2 ring of protection
  an uncursed ring of protection from shape changers
  an uncursed ring of slow digestion
  a cursed ring of sustain ability
  an uncursed ring of teleport control
  an uncursed ring of teleportation
  a wand of cold (0:8)
  a wand of death (0:8)
  a wand of death (0:0)
  a wand of digging (0:7)
  a wand of digging (0:5)
  a wand of digging (0:5)
  a wand of digging (0:4)
  a wand of digging (0:2)
  a wand of enlightenment (0:12)
  a wand of fire (0:6)
  a wand of light (0:13)
  a wand of locking (0:5)
  a wand of polymorph (0:4)
  a wand of probing (0:6)
  a wand of probing (0:4)
  a wand of secret door detection (0:12)
  a wand of sleep (0:3)
  a wand of speed monster (0:5)
  a wand of stasis (0:1)
  a wand of striking (0:6)
  a wand of teleportation (0:8)
  a wand of teleportation (0:7)
  a wand of teleportation (0:5)
  a wand of teleportation (0:4)
  a wand of teleportation (0:2)
  a cursed wand of undead turning (0:4)
  a wand of wishing named needs charging (1:0)
  an empty uncursed sack named spare scare monster
  an uncursed bugle
  an expensive camera (0:78)
  a magic marker (1:1)
  an uncursed wet towel
  5 cursed wax candles
  an uncursed agate stone
  an uncursed amethyst stone
  4 uncursed chrysoberyl stones
  an uncursed garnet stone
  3 uncursed jade stones
  5 uncursed jasper stones
  2 uncursed jet stones
  an uncursed opal
  5 uncursed rubies
  an uncursed turquoise stone
  an uncursed luckstone
  a blessed touchstone

Contents of the sack named DO NOT BOH EVER:
  a wand of cancellation (0:5)
  a wand of cancellation (0:5)

FalseGod the Samurai's attributes:

Background:
 You were a Daimyo, a level 22 male human Samurai.
 You were lawful, on a mission for Amaterasu Omikami
 who was opposed by Raijin (neutral) and Susanowo (chaotic).
 You were right-handed.
 You were in the endgame, on the Astral Plane.
 You entered the dungeon 59204 turns ago.
 You had 20020925 experience points, 9979075 more were needed for level 23.

Basics:
 You had 137 out of 182 hit points.
 You had all 98 energy points (spell power).
 Your armor class was -40.
 Your wallet contained 2 zorkmids, and
 you had 1038 more stashed away in your pack.
 Autopickup was off.

Final Characteristics:
 Your strength was 25 (base:18/79, innate limit:18/100).
 Your dexterity was 18 (limit:18).
 Your constitution was 18 (limit:18).
 Your intelligence was 17 (limit:18).
 Your wisdom was 18 (limit:18).
 Your charisma was 14 (limit:18).

Final Status:
 You weren't hungry.
 You were unencumbered.
 You were wielding a corpse.

Final Attributes:
 You were the Hand of Elbereth.
 You were piously aligned.
 You were magic-protected.
 You were fire resistant.
 You were cold resistant.
 You were sleep resistant.
 You were disintegration resistant.
 You were shock resistant.
 You were poison resistant.
 You saw invisible.
 You were telepathic.
 You were sensing the presence of monsters.
 You were stealthy.
 You had a large defense bonus (+11).
 You were warded.
 You were very fast.
 You had reflection.
 You had free action.
 Your life would have been saved.
 You were extremely lucky.
 You had extra luck.
 Good luck did not time out for you.
 You survived.

Miscellaneous:
 You didn't encounter any bones levels.
 Total elapsed playing time was 1 day, 10 hours, 41 minutes and 12 seconds.

Major events:
 Turn
    1: FalseGod the lawful male human Samurai entered the dungeon
  890: attained the rank of Ronin (level 3)
 1161: entered the Gnomish Mines
 2165: reached Mine Town
 2199: attained the rank of Ninja (level 6)
 3178: was bestowed with Snickersnee by Amaterasu Omikami
 5405: entered Sokoban
 5845: completed 1st Sokoban level
 6259: completed 2nd Sokoban level
 6667: completed 3rd Sokoban level
 7338: completed 4th Sokoban level
 8197: acquired the Sokoban bag of holding
 9039: Ossipewsk, the liquor emporium proprietor, has been killed
 9341: attained the rank of Joshu (level 10)
10135: Aklavik, the general store proprietrix, has been killed
12069: entered Home 1, the Quest
12333: Tegal, the delicatessen proprietor, has been killed
14692: was given Excalibur by the Lady of the Lake
17225: the Oracle has been killed
17474: Storr, the quality apparel and accessories proprietor, has been killed
17829: Sarangan, the delicatessen proprietrix, has been killed
19452: killed Medusa
23604: was bestowed with Demonbane by Amaterasu Omikami
26508: attained the rank of Ryoshu (level 14)
28596: Lord Sato has granted access to proceed deeper into the quest
28604: entered Home 2, the Quest
28623: entered Home 3, the Quest
28826: found Frost Brand on the floor
29964: entered Home 4, the Quest
30192: entered Home 5, the Quest
30252: entered Home 6, the Quest
31043: was crowned "The Hand of Elbereth" by Amaterasu Omikami
31661: found the Tsurugi of Muramasa carried by a monster
31661: killed Ashikaga Takauji
31662: acquired the Bell of Opening
32645: killed Inniscrone, the second-hand bookstore proprietrix
33393: read a Discworld novel
33430: performed his first genocide (class L)
34406: made his first wish - "blessed magic marker", got "a magic marker"
35801: killed Croesus
37918: entered Gehennom
40351: killed Asmodeus
41215: killed Juiblex
44896: killed Baalzebub
46396: killed Orcus
47674: destroyed Vlad the Impaler
47675: acquired the Candelabrum of Invocation
51474: wished for "fixed magic marker", got "a magic marker"
51475: genocided class ;
55706: killed Yeenoghu
55775: attained the rank of Kokushu (level 18)
55931: killed the Wizard of Yendor
55932: acquired the Book of the Dead
55964: performed the invocation
56674: killed the Wizard of Yendor (2nd time)
56680: killed the high priest of Moloch
56683: acquired The Amulet of Yendor
56684: wished for "magic marker", got "a magic marker"
57108: killed the Wizard of Yendor (3rd time)
58795: entered the Elemental Planes
58795: entered Plane of Earth
58796: killed the Wizard of Yendor (5th time)
58850: entered Plane of Air
58889: entered Plane of Fire
58922: entered Plane of Water
59028: attained the rank of Daimyo (level 22)
59160: entered the Astral Plane
59163: found Grimtooth carried by a monster
59173: killed Famine
59204: ascended

Spells:
 Name                 Level Category     Fail Retention
 knock                  1   matter        86%    (gone)
 haste self             3   escape        92%    (gone)
 confuse monster        1   enchantment   86%    (gone)
 magic mapping          5   divination   100%   41%-50%
 polymorph              6   matter       100%    (gone)
 cause fear             3   enchantment   92%    (gone)
 light                  1   divination    86%   21%-30%
 wizard lock            2   matter        86%    (gone)
 drain life             2   attack        86%    1%-25%
 slow monster           2   enchantment   86%    (gone)
 remove curse           3   clerical      92%    1%-25%
 extra healing          3   healing       92%    (gone)
 create monster         2   clerical      86%    (gone)
 dig                    5   matter       100%    (gone)
 healing                1   healing       86%    1%-25%
 identify               3   divination    86%   31%-40%
 sleep                  3   enchantment   92%   26%-50%
 charm monster          5   enchantment  100%   26%-50%
 stone to flesh         3   healing       92%   26%-50%
 magic missile          2   attack        86%   26%-50%
 clairvoyance           3   divination    52%   51%-60%
 jumping                1   escape        86%   51%-75%
 protection             1   clerical      86%   51%-75%
 detect food            2   divination    86%   71%-80%

Skills:
 Fighting Skills
   martial arts      [Basic]
   two weapon combat [Expert]
   riding            [Unskilled]
 Weapon Skills
   dagger            [Unskilled]
   knife             [Unskilled]
   short sword       [Basic]
   broadsword        [Unskilled]
   long sword        [Expert]
   two-handed sword  [Unskilled]
   saber             [Basic]
   mace              [Unskilled]
   flail             [Unskilled]
   quarterstaff      [Unskilled]
   polearms          [Unskilled]
   spear             [Unskilled]
   lance             [Unskilled]
   bow               [Basic]
   shuriken          [Skilled]
 Spellcasting Skills
   attack spells     [Unskilled]
   divination spells [Basic]
   clerical spells   [Unskilled]

Voluntary challenges:
 Character rerolling was not enabled.
 You genocided 10 types of monsters.
 You used 3 wishes.
 You did not wish for any artifacts.
 You did not violate any of the special Sokoban rules.
Achievements:
 You entered a shop.
 You attained the rank of Ronin.
 You entered the Gnomish Mines.
 You entered Minetown.
 You attained the rank of Ninja.
 You entered a temple.
 You entered Sokoban.
 You completed Sokoban.
 You attained the rank of Joshu.
 You defeated Medusa.
 You learned the tune to open and close the Castle's drawbridge.
 You attained the rank of Ryoshu.
 You handled the Bell of Opening.
 You read from a Discworld novel.
 You entered Gehennom.
 You handled the Candelabrum of Invocation.
 You attained the rank of Kokushu.
 You had the Book of the Dead.
 You gained access to Moloch's Sanctum.
 You reached the Elemental Planes.
 You attained the rank of Daimyo.
 You reached the Astral Plane.
 You delivered the Amulet of Yendor.
 You ascended!

 The Elemental Planes:
    Astral Plane: <- You are here.
       A temple and an altar to Amaterasu Omikami.
    Plane of Water:
    Plane of Fire:
    Plane of Air:
    Plane of Earth:
 The Dungeons of Doom: levels 1 to 27
    Level 1: "vault + tele"
       A grave.
       One way stairs up to The Elemental Planes.
    Level 2: "vault + tele"
    Level 3: "shop"
       A wand shop, a fountain.
    Level 4: "pots + scrolls"
       An altar to Amaterasu Omikami, a fountain.
       Stairs down to The Gnomish Mines.
    Level 5:
    Level 6: "shop"
       A food shop, a fountain.
    Level 7:
       Some fountains.
       Oracle of Delphi.
    Level 8:
       Stairs up to Sokoban, level 7.
    Level 9: "shop"
       An untended shop, a grave.
    Level 10: "shop"
       A general store, a fountain, a grave.
    Level 11: "zoo"
    Level 12: "=oSD, misc. stash"
       A temple and an altar to Amaterasu Omikami, a grave.
    Level 13:
    Level 14:
       Portal to The Quest.
    Level 15: "vault"
       A food shop, a fountain.
    Level 16: "vault + spare BoH,T,Spbk,SoR"
       Portal to Fort Ludios.
    Level 17:
    Level 18:
       A primitive area.
    Level 19: "mapping"
       A scroll shop, a fountain.
    Level 20: "cockatrice storage"
       A fountain.
    Level 21:
    Level 22: "vault tele"
       A grave.
    Level 23:
    Level 24:
    Level 25:
    Level 26:
    Level 27: "stashed stuff"
       A fountain.
       The castle (play notes "EDDBE" to open or close drawbridge).
       Connection to Gehennom.
 Gehennom: levels 28 to 51
    Level 28:
       A temple and an altar, many graves.
       Valley of the Dead.
    Level 29:
    Level 30:
    Level 31:
       A fountain.
    Level 32:
    Level 33:
    Level 34:
    Level 35:
    Level 36:
    Level 37:
    Level 38:
       Some shops, an altar, many graves.
    Level 39:
       Stairs up to Vlad's Tower, level 38.
    Level 40:
    Level 41: "wizard bits"
    Level 42:
    Level 43:
    Level 44:
    Level 45:
    Level 46:
    Level 47:
    Level 48:
    Level 49:
    Level 50:
    Level 51:
       A temple and an altar, many graves.
       Moloch's Sanctum.
 The Gnomish Mines: levels 5 to 7
    Level 5:
    Level 6:
    Level 7:
       Many shops, a temple and an altar, some fountains.
 The Quest: levels 1 to 6
    Level 1:
       Completed quest for Lord Sato.
    Level 2:
    Level 3:
    Level 4:
    Level 5:
    Level 6:
 Sokoban: levels 7 up to 4
    Level 4:
       Solved.
    Level 5:
       Solved.
    Level 6:
       Solved.
    Level 7:
       Solved.
 Fort Ludios:
    Level 1:
       Fort Ludios.
 Vlad's Tower: levels 38 up to 36
    Level 36:
       A throne.
    Level 37:
    Level 38:


Vanquished creatures:
    Asmodeus
    Baalzebub
    Orcus
    Yeenoghu
    Juiblex
  3 erinyes
the Wizard of Yendor (6 times)
    Famine
    Vlad the Impaler
  a high cleric
  a mastodon
    Medusa
    Croesus
  8 krakens
 11 iron golems
  7 storm giants
  2 titans
  2 glass golems
  7 balrogs
  7 purple worms
  a gray dragon
  2 gold dragons
  5 silver dragons
 13 red dragons
  5 white dragons
  4 orange dragons
  7 black dragons
  2 blue dragons
  4 green dragons
  3 yellow dragons
 28 minotaurs
  2 jabberwocks
    Ashikaga Takauji
 12 baluchitheria
 13 Angels
  2 demiliches
 12 stone golems
  9 master mind flayers
 11 Olog-hai
  2 Nazgul
 13 pit fiends
  3 sandestins
  8 hell hounds
  5 displacer beasts
  7 titanotheres
  5 trappers
  a baby silver dragon
  5 baby red dragons
  a baby blue dragon
  3 guardian nagas
 10 genetic engineers
  8 disenchanters
 41 vampire leaders
  5 skeletons
  6 shopkeepers
the Oracle
 20 aligned clerics
  7 captains
  6 shades
  4 liches
  5 clay golems
  7 nurses
 12 ice devils
 12 nalfeshnees
  3 lurkers above
  2 Aleaxes
  5 frost giants
 12 ettins
  2 golden nagas
 14 black puddings
 25 vampires
 16 lieutenants
 33 ghosts
  a barbarian
  a rogue
 11 samurai
  2 queen bees
  7 winged gargoyles
  7 mind flayers
  7 giant mimics
  2 long worms
 10 zruties
 10 fire giants
 14 ogre tyrants
  2 ice trolls
  9 rock trolls
 17 umber hulks
 15 flesh golems
 13 elven monarchs
  6 doppelgangers
 26 hezrous
 11 bone devils
  9 large mimics
  4 wumpuses
  9 fire vortices
  5 couatls
 57 stalkers
  8 air elementals
 13 fire elementals
 18 earth elementals
 17 water elementals
  2 hill giants
  5 giant mummies
  3 black nagas
 16 xorns
 18 giant zombies
 29 elf-nobles
 31 sergeants
 25 barbed devils
 15 vrocks
 16 salamanders
 22 wargs
  6 winter wolves
 13 hell hound pups
 21 small mimics
  a glass piercer
  4 warhorses
 13 steam vortices
 19 xans
  7 ettin mummies
 13 ogre leaders
 16 quantum mechanics
 19 trolls
  2 sasquatches
 10 wood golems
 13 mariliths
  4 sharks
  7 electric eels
 11 gelatinous cubes
  6 pyrolisks
  7 large dogs
  3 freezing spheres
 18 flaming spheres
 10 shocking spheres
  3 large cats
  8 tigers
 13 gargoyles
  2 tengu
 14 ochre jellies
 10 leocrottas
  3 energy vortices
  7 mountain centaurs
  8 stone giants
  8 elf mummies
  2 human mummies
 12 red nagas
 14 green slimes
  5 pythons
  6 pit vipers
 27 cobras
 42 wraiths
  6 carnivorous apes
 18 ettin zombies
  3 leather golems
 15 Grey-elves
119 soldiers
 14 amorous demons
 12 horned devils
  8 chameleons
  4 crocodiles
 26 giant beetles
  7 quivering blobs
 40 cockatrices
 81 wolves
  9 winter wolf cubs
  a lynx
  3 panthers
 49 gremlins
  a spotted jelly
 11 leprechauns
  6 orc-captains
  7 iron piercers
  7 mumakil
 19 giant spiders
  7 scorpions
  4 horses
  6 ice vortices
  7 black lights
  9 vampire bats
  6 forest centaurs
  4 gnome rulers
  2 orc mummies
  3 dwarf mummies
  9 ogres
 12 brown puddings
 10 rust monsters
 25 owlbears
  8 yetis
  3 gold golems
  2 werewolves
 24 Green-elves
  3 piranha
 14 giant eels
 22 lizards
 22 ninja
 18 chickatrices
  4 dingoes
  3 dogs
  4 housecats
  8 jaguars
  4 dwarf leaders
  a blue jelly
  2 white unicorns
  3 gray unicorns
  3 black unicorns
  4 dust vortices
 10 ravens
  7 plains centaurs
  3 gnome mummies
  6 snakes
  5 water moccasins
 16 apes
 15 human zombies
  5 rope golems
  9 Woodland-elves
 43 soldier ants
 19 fire ants
 11 bugbears
  5 imps
  5 lemures
  5 quasits
  7 wood nymphs
  9 water nymphs
  5 mountain nymphs
 11 Mordor orcs
 29 Uruk-hai
  6 orc shamans
  7 rock piercers
  3 rock moles
  7 ponies
  4 fog clouds
  9 yellow lights
  2 shriekers
  5 violet fungi
 11 gnome leaders
  7 gnomish wizards
  6 kobold mummies
  9 gray oozes
  6 barrow wights
 20 elf zombies
 24 ghouls
  5 straw golems
  5 paper golems
  5 jellyfish
  a baby crocodile
 41 giant ants
  4 little dogs
  9 floating eyes
  a kitten
 16 dwarves
  5 homunculi
  2 kobold leaders
  4 kobold shamans
 12 hill orcs
 27 rothes
  4 rabid rats
  3 centipedes
 10 giant bats
  5 monkeys
 17 orc zombies
 13 dwarf zombies
  3 wererats
  3 werejackals
 13 iguanas
 96 killer bees
  6 acid blobs
  3 coyotes
  a gas spore
  a hobbit
  2 manes
  2 large kobolds
  8 hobgoblins
 10 giant rats
 21 cave spiders
  2 brown molds
  6 yellow molds
  2 green molds
  3 red molds
 25 gnomes
  2 garter snakes
  8 gnome zombies
 12 geckos
 11 jackals
  2 foxes
  5 kobolds
  4 goblins
  4 sewer rats
  7 grid bugs
  7 lichens
 15 kobold zombies
  7 newts
2962 creatures vanquished.

Genocided or extinct species:
 erinyes (extinct)
 arch-liches
 krakens
 master liches
 demiliches
 liches
 sharks
 electric eels
 soldiers (extinct)
 piranha
 giant eels
 jellyfish
10 species genocided.
2 species extinct.

Sayonara FalseGod the Demigod...

You went to your reward with 3654582 points,
Excalibur (worth 4000 zorkmids and 10000 points)
The Book of the Dead (worth 10000 zorkmids and 25000 points)
       5 rubies (worth 17500 zorkmids),
       5 jasper stones (worth 2500 zorkmids),
       4 chrysoberyl stones (worth 2800 zorkmids),
       3 jade stones (worth 900 zorkmids),
       2 jet stones (worth 1700 zorkmids),
       1 turquoise stone (worth 2000 zorkmids),
       1 opal (worth 800 zorkmids),
       1 garnet stone (worth 700 zorkmids),
       1 amethyst stone (worth 600 zorkmids),
       1 agate stone (worth 200 zorkmids),
       6 amulets of life saving (worth 900 zorkmids),
       1 amulet versus poison (worth 150 zorkmids),
       1 amulet of unchanging (worth 150 zorkmids),
       1 amulet of magical breathing (worth 150 zorkmids),
and 1040 pieces of gold, after 59204 moves.
You were level 22 with a maximum of 182 hit points when you ascended.

